 Dungeon Crawl Stone Soup version 0.26.0-10-g1f06aea511 (webtiles) character file.

Game seed: 6001733955810455652

6422 vatarom the Quickloader (level 11, -2/89 HPs)
             Began as a Formicid Hunter on Jan 20, 2021.
             Was an Elder of Okawaru.
             Slain by Rupert
             ... wielding a +0 great sword of holy wrath
              (26 damage)
             ... on level 12 of the Dungeon.
             The game lasted 00:17:34 (9979 turns).

vatarom the Quickloader (Formicid Hunter)           Turns: 9979, Time: 00:17:34

Health: -2/89      AC: 15    Str: 17    XL:     11   Next: 18%
Magic:  14/15      EV: 10    Int: 11    God:    Okawaru [****..]
Gold:   552        SH: 13    Dex: 14    Spells: 10/10 levels left

rFire    + . .     SeeInvis +   j - +0 hand axe
rCold    . . .     Faith    .   l - +0 kite shield
rNeg     . . .     Spirit   .   k - +0 chain mail {rF+}
rPois    .         Reflect  .   (helmet unavailable)
rElec    .         Harm     .   (no cloak)
rCorr    .         Rampage  .   G - +0 pair of gloves (curse)
Will     ++...                  w - +1 pair of boots
Stlth    +.........             (no amulet)
HPRegen  0.24/turn              u - ring of willpower
MPRegen  0.14/turn              q - ring of stealth

@: brilliant, heroism, attractive, flying, very slightly contaminated, invisible
(expiring)
A: permanent stasis, dig shafts and tunnels, four strong arms, antennae 3
a: Dig, Shaft Self, Renounce Religion, Heroism


You were on level 12 of the Dungeon.
You worshipped Okawaru.
Okawaru was greatly pleased with you.
You visited 2 branches of the dungeon, and saw 13 of its levels.

You collected 552 gold pieces.

Inventory:

Hand Weapons
 a - a +1 hand crossbow
 j - a +0 hand axe (weapon)
Missiles
 B - 11 poisoned darts (quivered)
Armour
 c - a +0 leather armour
 k - a +0 chain mail of fire resistance (worn)
 l - a +0 kite shield (worn)
 w - a +1 pair of boots (worn)
 G - a cursed +0 pair of gloves (worn)
Jewellery
 q - a ring of stealth (right hand)
 r - an uncursed ring of resist corrosion
 u - a ring of willpower (left hand)
 v - an uncursed ring of flight
 x - an uncursed ring of magical power
Wands
 F - a wand of polymorph (3)
Scrolls
 e - a scroll of amnesia
 f - 9 scrolls of remove curse {@r2}
 g - a scroll of vulnerability {unknown}
 h - 3 scrolls of noise
 i - 6 scrolls of teleportation {@r3}
 m - 2 scrolls of magic mapping
 n - 2 scrolls of random uselessness
 o - 2 scrolls of enchant weapon
 y - 2 scrolls of fog
 z - a scroll of torment
Potions
 b - a potion of invisibility
 s - a potion of curing {@q1}


   Skills:
 + Level 9.3(14.3) Fighting
 - Level 4.5(9.5) Axes
 + Level 9.3(14.3) Crossbows
 - Level 4.3(9.3) Armour
 - Level 1.7(6.7) Dodging
 - Level 1.2(6.2) Stealth
 - Level 9.0(14.0) Shields
 + Level 6.3 Invocations


You had 10 spell levels left.
You didn't know any spells.
Your spell library contained the following spells:

 Spells                   Type           Power        Failure   Level
 Foxfire                  Conj/Fire      0%           98%         1
 Freeze                   Ice            0%           98%         1
 Sting                    Tmut/Pois      0%           98%         1
 Summon Small Mammal      Summ           0%           98%         1
 Call Imp                 Summ           0%           99%         2
 Poisonous Vapours        Pois/Air       0%           99%         2
 Call Canine Familiar     Summ           0%           100%        3
 Conjure Flame            Conj/Fire      0%           100%        3
 Ignite Poison            Fire/Tmut/Pois 0%           100%        3
 Inner Flame              Hex/Fire       0%           100%        3
 Mephitic Cloud           Conj/Pois/Air  0%           100%        3
 Ozocubu's Armour         Ice            0%           100%        3
 Summon Guardian Golem    Hex/Summ       0%           100%        3
 Olgreb's Toxic Radiance  Pois           0%           100%        4
 Sticky Flame             Conj/Fire      0%           100%        4
 Summon Ice Beast         Ice/Summ       0%           100%        4
 Summon Lightning Spire   Summ/Air       0%           100%        4
 Fireball                 Conj/Fire      0%           100%        5
 Metabolic Englaciation   Hex/Ice        0%           100%        5
 Freezing Cloud           Conj/Ice/Air   0%           100%        6


Dungeon Overview and Level Annotations

Branches:
Dungeon (13/15)            Temple (1/1) D:5             Orc (0/2) D:10
   Lair: D:8-11      Vaults: D:13-14

Altars:
Ashenzari
Cheibriados
Dithmenos
Elyvilon
Fedhas
Gozag
Hepliaklqana
Kikubaaqudgha
Makhleb
Nemelex Xobeh
Okawaru
Qazlal
Ru
Sif Muna
Trog
Uskayaw
Vehumet
Xom
Yredelemnul
Zin
The Shining One
Beogh

Annotations:
D:4 1 runed translucent door, Crazy Yiuf
D:12 Rupert


Innate Abilities, Weirdness & Mutations

You cannot be hasted, slowed, berserked, paralysed or teleported.
You can dig through walls and to a lower floor.
Your four strong arms can wield two-handed weapons with a shield.
You have a pair of large antennae on your head. (SInv)


Message History

Throw: 14 darts (poison)
Press: ? - help, Q - select action, (/) - cycle Shift-Dir - straight line, f/p - Rupert
Aim: Rupert, wielding a +0 great sword of holy wrath and wearing a +2 leather armour of poison resistance (lightly wounded, berserk)
You throw a poisoned dart.
Throw: 13 darts (poison)
Press: ? - help, Q - select action, (/) - cycle Shift-Dir - straight line, f/p - Rupert
Aim: Rupert, wielding a +0 great sword of holy wrath and wearing a +2 leather armour of poison resistance (lightly wounded, berserk)
You throw a poisoned dart.
Rupert hits you with a +0 great sword of holy wrath!
Throw: 12 darts (poison)
Press: ? - help, Q - select action, (/) - cycle Shift-Dir - straight line, f/p - Rupert
Aim: Rupert, wielding a +0 great sword of holy wrath and wearing a +2 leather armour of poison resistance (lightly wounded, berserk)
You throw a poisoned dart.
Rupert hits you with a +0 great sword of holy wrath!!
* * * LOW HITPOINT WARNING * * *
As you read the scroll of fear, it crumbles to dust.
You assume a fearsome visage.
Rupert resists with almost no effort.
The orc priest looks frightened!
The black bear looks frightened!
Rupert hits you with a +0 great sword of holy wrath!!
You die...

#####
#####.....{
#.......# ##
#.......+...
#.......#...
#...?......#
#######.......#
#@@oh.).......#
###########'###
# #.# .?
#.###.##
#######.......
..@......#.$..
.......>.+ ...
.......oo# ..
........... .


You could see Rupert (berserk), a black bear (fleeing) and an orc priest
(wandering, poisoned).

Vanquished Creatures
  Gastronok (D:8)
  Harold (D:7)
  Joseph (D:7)
  A wyvern (D:9)
  Sigmund (D:5)
  Menkaure (D:7)
  4 sky beasts
  4 orc warriors
  A necrophage (D:8)
  8 ogres
  A wolf (D:9)
  3 centaurs
  4 bullfrogs
  3 scorpions
  An electric eel (D:9)
  A centaur zombie (D:4)
  5 hounds
  A jelly (D:6)
  5 orc wizards
  2 iguanas
  6 orc priests
  6 worker ants
  Terence (D:2)
  7 gnolls
  7 adders
  5 white imps
  3 adder skeletons
  An adder zombie (D:5)
  2 worms
  3 dart slugs
  5 leopard geckos
  36 orcs
  6 giant cockroaches
  5 goblins
  5 hobgoblins
  3 quokkas
  6 bats
  5 frilled lizards
  A jackal skeleton (D:4)
  6 kobolds
  A leopard gecko skeleton (D:6)
  8 rats
177 creatures vanquished.

Notes
Turn   | Place    | Note
-------+----------+-------------------------------------------
     0 | D:1      | vatarom the Formicid Hunter began the quest for the Orb.
     0 | D:1      | Reached XP level 1. HP: 16/16 MP: 1/1
   171 | D:1      | Reached XP level 2. HP: 23/23 MP: 2/2
   431 | D:1      | Reached XP level 3. HP: 29/29 MP: 3/3
   861 | D:2      | Noticed Terence
   871 | D:2      | Killed Terence
   872 | D:2      | Reached XP level 4. HP: 34/35 MP: 4/4
  1443 | D:2      | Found a broken altar of Ashenzari.
  1458 | D:2      | Noticed a +0 hand axe
  1458 | D:2      | Noticed a +0 dagger
  1462 | D:2      | Found a hide-covered altar of Uskayaw.
  1491 | D:2      | Found a blossoming altar of Fedhas.
  1646 | D:2      | Found a sparkling altar of Nemelex Xobeh.
  1782 | D:3      | Noticed a sky beast
  2130 | D:3      | Noticed a bullfrog
  2141 | D:3      | Killed a bullfrog
  2142 | D:3      | Reached skill level 1 in Axes
  2142 | D:3      | Reached skill level 5 in Crossbows
  2142 | D:3      | Reached skill level 1 in Shields
  2142 | D:3      | Reached XP level 5. HP: 18/42 MP: 5/5
  2287 | D:3      | Killed a sky beast
  2288 | D:3      | Reached XP level 6. HP: 45/49 MP: 6/6
  3166 | D:3      | Found a bloodstained altar of Trog.
  3288 | D:4      | Noticed an ogre
  3803 | D:4      | Killed an ogre
  3804 | D:4      | Reached XP level 7. HP: 40/55 MP: 7/7
  4085 | D:4      | Reached skill level 5 in Fighting
  4727 | D:4      | Found a runed translucent door.
  4732 | D:4      | Noticed Crazy Yiuf
  4767 | D:5      | Entered Level 5 of the Dungeon
  4768 | D:5      | Noticed Sigmund
  4770 | D:5      | Killed Sigmund
  4771 | D:5      | Reached XP level 8. HP: 63/63 MP: 8/8
  4812 | D:5      | Found a stormy altar of Qazlal.
  5050 | D:5      | Reached skill level 5 in Shields
  5208 | D:5      | Found a staircase to the Ecumenical Temple.
  5241 | Temple   | Entered the Ecumenical Temple
  5544 | D:5      | Found a shimmering blue altar of Sif Muna.
  5776 | D:6      | Found a shimmering altar of Xom.
  5800 | D:6      | Found an iron altar of Okawaru.
  5871 | D:6      | Became a worshipper of Warmaster Okawaru
  5911 | D:6      | Reached skill level 1 in Armour
  5911 | D:6      | Reached XP level 9. HP: 71/71 MP: 9/9
  6750 | D:7      | Reached * piety under Okawaru
  7321 | D:7      | Noticed Harold
  7336 | D:7      | Killed Harold
  7336 | D:7      | Reached ** piety under Okawaru
  7337 | D:7      | Reached XP level 10. HP: 37/80 MP: 9/12
  7530 | D:7      | Noticed Joseph
  7548 | D:7      | Killed Joseph
  7548 | D:7      | Reached *** piety under Okawaru
  7553 | D:7      | Noticed Menkaure
  7556 | D:7      | Killed Menkaure
  7717 | D:7      | Found an ancient bone altar of Kikubaaqudgha.
  7835 | D:7      | Found a glowing silver altar of Zin.
  7983 | D:7      | Found a shimmering blue altar of Sif Muna.
  8590 | D:8      | Noticed Gastronok
  8649 | D:8      | Killed Gastronok
  8649 | D:8      | Reached **** piety under Okawaru
  8650 | D:8      | Reached skill level 5 in Invocations
  8650 | D:8      | Reached XP level 11. HP: 27/89 MP: 13/15
  9183 | D:9      | Identified Othrir's Reference Book on Snow
  9556 | D:8      | HP: 3/89 [troll (5)]
  9586 | D:7      | HP: 3/89 [troll (8)]
  9587 | D:7      | You fall into a shaft and drop 3 floors!
  9587 | D:10     | Entered Level 10 of the Dungeon
  9587 | D:10     | Found a roughly hewn altar of Beogh.
  9587 | D:10     | Found a staircase to the Orcish Mines.
  9587 | D:10     | Noticed an orc knight
  9590 | D:10     | You fall into a shaft and drop 3 floors!
  9940 | D:12     | Noticed Rupert
  9979 | D:12     | Slain by Rupert

Illustrated notes

Levels and vault maps discovered:
D:1:      minmay_arrival_four_loops, layout_basic
D:2:      layout_loops_corners, nemelex_xobeh_ov_fountains_minmay,
          dancing_weapons_uskayaw, fedhas_altar_2, ashenzari_altar_1,
          uniq_terence
D:3:      layout_loops_cross, lightli_temple_of_fire, corexii_leaking_fountain
D:4:      layout_gridville, serial_park_tiny_1, uniq_crazy_yiuf_cottage
D:5:      layout_loops_ring, kennysheep_mini_moat,
          minmay_temple_entry_mini_moons, basic_altar, grunt_ministairs_13,
          uniq_sigmund
D:6:      layout_basic, marbit_many_paths, xom_teletrap_fun, skrybe_limestone_x
D:7:      layout_rooms, kiku_gazebo_pond_becter, zin_statuary,
          lemuel_coloured_pillars_altar, uniq_menkaure, uniq_joseph, uniq_harold
D:8:      layout_rooms, uniq_gastronok
D:9:      layout_stronghold, nzn_wu_jian_council_hall, erik_lair_island,
          basic_altar, hangedman_glass_teeth
D:10:     layout_roguey, david_orc_5
D:12:     layout_basic, uniq_rupert
D:13:     layout_irregular_city, serial_shops, shop, serial_ice, serial_ice_f,
          serial_ice_b, serial_ice_c, serial_ice_k, uniq_snorg, uniq_frances
Temple:   minmay_temple_curvy_loop

Skill      XL: |  1  2  3  4  5  6  7  8  9 10 11 |
---------------+----------------------------------+-----
Fighting       | 3 4 5 6 7 9 |  9.3
Axes           | 1 2 3 4 |  4.5
Crossbows      | 5 6 8 9 |  9.3
Shields        | 1 2 3 4 5 7 8 9 |  9.0
Armour         | 1 4 |  4.3
Invocations    | 2 5 6 |  6.3
Dodging        | |  1.7
Stealth        | |  1.2

Action                   |  1- 3 |  4- 6 |  7- 9 | 10-12 || total
-------------------------+-------+-------+-------+-------++-------
Melee: Short sword       |    26 |     8 |       |       ||    34
       Hand axe          |       |   137 |    60 |    92 ||   289
 Fire: Hand crossbow     |    36 |    43 |   174 |   122 ||   375
Throw: Dart              |       |       |       |     5 ||     5
       Throwing net      |       |       |       |     2 ||     2
Invok: Heroism           |       |       |       |     2 ||     2
 Abil: Shaft Self        |       |       |       |     2 ||     2
       Dig               |       |       |       |     1 ||     1
Evoke: Wand              |       |       |    11 |    24 ||    35
  Use: Scroll            |       |       |     9 |     4 ||    13
       Potion            |       |       |       |     7 ||     7
 Stab: Sleeping          |     1 |     3 |       |       ||     4
       Held in net/web   |       |       |       |     1 ||     1
Armor: Leather armour    |     6 |    29 |     6 |       ||    41
       Chain mail        |       |       |    35 |    53 ||    88
Dodge: Dodged            |    16 |   121 |    28 |    46 ||   211
Block: Kite shield       |       |       |    44 |    76 ||   120
